 Dungeon Crawl Stone Soup version 0.25-a0-737-g26c3a87c45 (webtiles) character file.

Game seed: 13157462987809664406, levelgen mode: classic

97836 Amnesiac the Cryomancer (level 16, -4/132 HPs)
             Began as a Ghoul Ice Elementalist on Apr 11, 2020.
             Was a High Priest of Vehumet.
             Slain by a +3 vorpal dire flail (12 damage)
             ... on level 2 of the Elven Halls.
             The game lasted 01:00:55 (21098 turns).

Amnesiac the Cryomancer (Ghoul Ice Elementalist)   Turns: 21098, Time: 01:00:55

Health: -4/132     AC: 17    Str: 14    XL:     16   Next: 20%
Magic:  0/31       EV: 12    Int: 19    God:    Vehumet [*****.]
Gold:   3583       SH:  3    Dex:  9    Spells: 8/40 levels left

rFire    . . .     SeeInvis +   b - staff of cold
rCold    + + .     Gourm    .   (no shield)
rNeg     + + +     Faith    .   w - +2 robe {Archmagi}
rPois    ∞         Spirit   .   m - +2 helmet {SInv}
rElec    .         Reflect  +   v - +2 cloak {+Inv}
rCorr    .         Harm     .   d - +2 pair of gloves
MR       +....                  F - +0 pair of boots
Stlth    ++........             x - +3 amulet of reflection
HPRegen  0.00/turn              J - +4 ring of intelligence
MPRegen  0.22/turn              q - +3 ring of protection

@: no potions, rotting
A: rotting body, claws 1, carnivore, cold resistance 1, negative energy
resistance 3, inhibited regeneration, torment resistance, unbreathing
a: Renounce Religion, Evoke Invisibility


You were on level 2 of the Elven Halls.
You worshipped Vehumet.
Vehumet was extremely pleased with you.
You were not hungry.

You visited 5 branches of the dungeon, and saw 24 of its levels.
You also visited: Trove and Ice Cave.

You collected 5647 gold pieces.
You spent 2064 gold pieces at shops.

Inventory:

Hand Weapons
 a - a +8 scimitar of electrocution
 E - the +7 hand axe of Demonkind {vorpal, +Fly rF+}
   (You found it on level 1 of the Lair of Beasts)

   It inflicts extra damage upon your enemies.
   It protects you from fire.
   It lets you fly.
Missiles
 p - 101 poisoned darts (quivered)
Armour
 d - a +2 pair of gloves (worn)
 m - a +2 helmet of see invisible (worn)
 n - a cursed +0 kite shield
 t - a +2 leather armour of fire resistance
 v - a +2 cloak of invisibility (worn)
 w - a +2 robe of the Archmagi (worn)
 F - a +0 pair of boots (worn)
Magical Staves
 b - an uncursed staff of cold (weapon)
Jewellery
 k - an uncursed ring of ice
 q - a +3 ring of protection (right hand)
 x - a +3 amulet of reflection (around neck)
 H - an uncursed ring of ice
 J - a +4 ring of intelligence (left hand)
Wands
 i - a wand of polymorph (8)
 B - a wand of disintegration (14)
 I - a wand of paralysis (4)
 N - a wand of digging (5)
 Q - a wand of enslavement (9)
Scrolls
 h - 5 scrolls of blinking {!r}
 l - 2 scrolls of fear {!r}
 o - 6 scrolls of teleportation {!r}
 r - a scroll of torment {!r}
 s - 3 scrolls of magic mapping {!r}
 y - 2 scrolls of fog {!r}
 M - a scroll of identify {!r}
 O - 2 scrolls of remove curse {!r}
Potions
 e - 6 potions of curing {!q}
 f - 4 potions of heal wounds {!q}
 g - 4 potions of might {!q}
 j - a potion of resistance {!q}
 u - 2 potions of flight {!q}
 z - a potion of invisibility {!q}
 A - 2 potions of cancellation {!q}
 D - a potion of ambrosia {!q}
 R - a potion of stabbing {!q}
 S - a potion of haste {!q}
Comestibles
 c - 35 rations


   Skills:
 - Level 9.0 Fighting
 + Level 4.0 Staves
 - Level 1.7 Dodging
 - Level 3.0 Stealth
 + Level 2.1 Shields
 + Level 12.7 Spellcasting
 * Level 21.4 Ice Magic
 - Level 6.0 Evocations


You had 8 spell levels left.
You knew the following spells:

 Your Spells              Type           Power        Failure   Level  Hunger
a - Freeze                Ice            ####         0%          1    None
b - Ozocubu's Refrigerat  Ice            ########..   1%          6    ######.
c - Summon Ice Beast      Ice/Summ       #######.     1%          4    #......
d - Hailstorm             Conj/Ice       #######.     1%          4    #......
e - Absolute Zero         Ice            ########..   22%         9    #######
s - Frozen Ramparts       Ice            ######       0%          3    None
v - Blink                 Tloc           N/A          9%          2    None
z - Ozocubu's Armour      Chrm/Ice       #######.     1%          3    None

Your spell library contained the following spells:

 Spells                   Type           Power        Failure   Level  Hunger
 Iron Shot                Conj/Erth      ###.......   88%         6    ######.
 Shock                    Conj/Air       ###.         1%          1    None
 Ensorcelled Hibernation  Hex/Ice        ######       1%          2    None
 Metabolic Englaciation   Hex/Ice        #######...   1%          5    ####...
 Conjure Flame            Conj/Fire      ###.....     4%          3    None
 Dazzling Flash           Conj/Hex       ###...       4%          3    None
 Mephitic Cloud           Conj/Pois/Air  ###.....     4%          3    None
 Static Discharge         Conj/Air       ###.....     4%          3    None
 Animate Skeleton         Necr           N/A          5%          1    None
 Corona                   Hex            ###....      5%          1    None
 Pain                     Necr           ###.         5%          1    None
 Summon Small Mammal      Summ           ###.         5%          1    None
 Call Imp                 Summ           ###.....     9%          2    None
 Poisonous Vapours        Pois/Air       ###...       9%          2    None
 Swiftness                Chrm/Air       ###.....     9%          2    None
 Simulacrum               Ice/Necr       #######...   11%         6    ######.
 Freezing Cloud           Conj/Ice/Air   ######....   13%         6    ######.
 Airstrike                Air            ###.......   16%         4    #......
 Fulminant Prism          Conj/Hex       ###.......   16%         4    #......
 Iskenderun's Mystic Bla  Conj/Tloc      ###.....     16%         4    #......
 Confusing Touch          Hex            ###.....     17%         3    None
 Lesser Beckoning         Tloc           ###.......   17%         3    None
 Recall                   Summ/Tloc      N/A          17%         3    None
 Summon Guardian Golem    Hex/Summ       ###.....     17%         3    None
 Tukima's Dance           Hex            ###.....     17%         3    None
 Vampiric Draining        Necr           ###.......   17%         3    None
 Bolt of Magma            Conj/Fire/Erth ###.......   36%         5    ####...
 Irradiate                Conj/Tmut      ###.......   36%         5    ####...
 Lightning Bolt           Conj/Air       ###.......   36%         5    ####...
 Animate Dead             Necr           N/A          50%         4    #......
 Leda's Liquefaction      Hex/Erth       ###.......   50%         4    #......
 Agony                    Necr           ###.....     83%         5    ####...
 Alistair's Intoxication  Tmut/Pois      ###.....     83%         5    ####...
 Summon Demon             Summ           ###.......   83%         5    ####...
 Summon Mana Viper        Hex/Summ       ###.....     83%         5    ####...
 Haunt                    Necr/Summ      ###.......   100%        7    #######
 Ring of Flames           Chrm/Fire      ###.......   100%        7    #######
 Spellforged Servitor     Conj/Summ      ###.......   100%        7    #######
 Summon Greater Demon     Summ           ###.......   100%        7    #######
 Summon Hydra             Summ           ###.......   100%        7    #######
 Chain Lightning          Conj/Air       ###.......   100%        8    #######
 Lehudib's Crystal Spear  Conj/Erth      ###.......   100%        8    #######
 Fire Storm               Conj/Fire      ###.......   100%        9    #######
 Shatter                  Erth           ###.......   100%        9    #######
 Ice Form                 Ice/Tmut       Unusable     N/A         4    N/A
 Hydra Form               Tmut           Unusable     N/A         6    N/A
 Statue Form              Tmut/Erth      Unusable     N/A         6    N/A
 Dragon Form              Tmut           Unusable     N/A         7    N/A

Dungeon Overview and Level Annotations

Branches:
Dungeon (13/15)            Temple (1/1) D:4            Lair (6/6) D:9
  Swamp (0/4) Lair:4       Spider (0/4) Lair:2        Slime (0/5) Lair:6
    Orc (2/2) D:9             Elf (2/3) Orc:2         IceCv (visited)
 Vaults: D:13-14

Altars:
Ashenzari
Cheibriados
Dithmenos
Elyvilon
Fedhas
Gozag
Hepliaklqana
Kikubaaqudgha
Makhleb
Nemelex Xobeh
Okawaru
Qazlal
Ru
Sif Muna
Trog
Uskayaw
Vehumet
Wu Jian
Xom
Yredelemnul
Zin
The Shining One
Beogh
Jiyva

Shops:
D:7 [   D:12 *   Orc:2 :=(:

Annotations:
D:9 1 exclusion


Innate Abilities, Weirdness & Mutations

Your body is rotting away.
You thrive on raw meat.
You are immune to poison.
You have sharp fingernails.
You are carnivorous and can eat meat at any time.
Your flesh is cold resistant. (rC+)
You are immune to negative energy. (rN+++)
You do not regenerate when monsters are visible.
You are immune to unholy pain and torment.
You can survive without breathing.


Message History

The +0 morningstar of protection resists.
The +0 morningstar of protection is heavily damaged.
You kill the deep elf mage!
Vehumet accepts your kill.
You kill the deep elf knight!
Vehumet accepts your kill.
You feel your power returning.
You are feeling very hungry.
Casting: Ozocubu's Refrigeration (safe; 1% risk of failure)
Confirm with . or Enter, or press ? or * to list all spells.
You feel a strong surge of power!
The heat is drained from your surroundings.
You resist.
You feel very cold.
The +4 vorpal halberd and the +0 morningstar of protection are frozen.
The +4 vorpal halberd resists.
The +4 vorpal halberd is moderately damaged.
The +0 morningstar of protection resists.
The +0 morningstar of protection is heavily damaged.
You are near starving!
A +3 vorpal dire flail comes into view.
Casting: Ozocubu's Refrigeration (safe; 1% risk of failure)
Confirm with . or Enter, or press ? or * to list all spells.
You feel a strong surge of power!
The heat is drained from your surroundings.
You resist.
You feel very cold. The monsters around you are frozen!
The +4 vorpal halberd resists.
The +4 vorpal halberd is severely damaged.
The +0 morningstar of protection resists.
The +0 morningstar of protection is severely damaged.
The +3 vorpal dire flail resists.
The +3 vorpal dire flail is lightly damaged.
Casting: Ozocubu's Refrigeration (safe; 1% risk of failure)
Confirm with . or Enter, or press ? or * to list all spells.
You don't have enough magic to cast that spell.
Casting: Ozocubu's Refrigeration (safe; 1% risk of failure)
Confirm with . or Enter, or press ? or * to list all spells.
You don't have enough magic to cast that spell.
The +0 morningstar of protection hits you.
Okay, then.
You block the +0 morningstar of protection's attack.
You eat one of the 36 rations.
That ration really hit the spot!
The +4 vorpal halberd hits you from afar!
The +0 morningstar of protection hits you!
Casting: Ozocubu's Refrigeration (safe; 1% risk of failure)
Confirm with . or Enter, or press ? or * to list all spells.
You feel a strong surge of power!
The heat is drained from your surroundings.
You resist.
You feel very cold. The monsters around you are frozen!
The +4 vorpal halberd resists.
The +4 vorpal halberd is severely damaged.
The +0 morningstar of protection resists.
The +0 morningstar of protection is severely damaged.
The +3 vorpal dire flail resists.
The +3 vorpal dire flail is moderately damaged.
The +0 morningstar of protection hits you!!
The +4 vorpal halberd hits you but does no damage.
The +3 vorpal dire flail hits you!!
* * * LOW HITPOINT WARNING * * *
x2 The +0 morningstar of protection hits you!!
* * * LOW HITPOINT WARNING * * *
The +4 vorpal halberd hits you from afar!!
* * * LOW HITPOINT WARNING * * *
x2 The +3 vorpal dire flail hits you!
You die...

## ### ### #### ##.#
##.####.## #...##
#...##...##...##.....##
.......................
...........(#..........
.........((###......... ..
.........@## ##........ ..
##...........###.).....). .e.
#.............#..........
...###..................).....
....#..............8..........
..................).(.........
...........##.................
...)..8...####................
.....((....##............


You could see 4 dancing weapons.

Vanquished Creatures
  A frost giant (IceCv)
  An orc warlord (Orc:1)
  A deep elf demonologist (Elf:1)
  An ettin (Orc:1)
  A deep elf death mage (Elf:1)
  A fire dragon (Lair:6)
  7 hydras
  A catoblepas (Lair:6)
  4 two-headed ogres
  The ghost of Qatopt the Basher, a journeyman GrFi of Okawaru (D:11)
  A queen ant (Lair:3)
  A centaur warrior (D:13)
  3 dancing weapons
  5 death yaks
  An orc high priest (Orc:2)
  4 deep elf knights
  A glowing orange brain (D:11)
  A lindwurm (Lair:6)
  An unseen horror (D:10)
  5 deep elf archers (Elf:1)
  2 orc knights
  7 ugly things
  A cyclops (D:12)
  3 oklob plants (Lair:3)
  6 orc sorcerers
  A salamander (shapeshifter) (D:11)
  29 deep elf magi
  A cyclops (shapeshifter) (D:11)
  4 elephants (Lair:3)
  A black mamba (shapeshifter) (D:11)
  2 rust devils
  9 black mambas
  3 molten gargoyles (Lair:6)
  A spiny frog (shapeshifter) (D:11)
  2 gargoyles (D:11)
  A centaur skeleton (D:10)
  9 spiny frogs
  2 rime drakes
  An efreet (D:11)
  7 komodo dragons
  4 trolls
  17 polar bears
  A tyrant leech (Lair:4)
  9 slime creatures
  4 jumping spiders (Lair:2)
  11 hippogriffs
  7 blink frogs (Lair:6)
  A redback (Lair:2)
  A water elemental (Elf:1)
  5 wyverns
  A human (D:7)
  2 vampires
  Grum (D:10)
  3 fire elementals (Elf:1)
  45 yaks
  2 neqoxecs (D:11)
  4 hogs (D:7)
  3 vampire mosquitoes
  2 steam dragons (Lair:6)
  A hungry ghost (D:11)
  The ghost of balackLT the Poker, an amateur MfAK of Lugonu (D:3)
  5 basilisks
  20 soldier ants (Lair:3)
  2 swamp worms (Lair:4)
  5 water moccasins
  A floating eye (shapeshifter) (D:11)
  4 porcupines
  3 hell hounds (Lair:6)
  3 sky beasts
  3 black bears
  24 orc warriors
  A phantom (D:10)
  3 necrophages
  30 wolves
  14 ice beasts
  10 ogres
  6 centaurs
  11 crocodiles
  A big kobold (D:12)
  11 bullfrogs
  A water moccasin zombie (D:8)
  A wyvern skeleton (D:13)
  5 scorpions
  4 killer bees (D:12)
  4 howler monkeys
  14 wights
  2 crimson imps
  4 lava snakes (Lair:6)
  A centaur zombie (D:8)
  2 quasits (D:10)
  2 bullfrog zombies
  3 jellies
  16 orc priests
  8 hounds
  24 orc wizards
  6 iguanas
  33 worker ants
  A hound zombie (D:5)
  3 gnolls (D:3)
  2 howler monkey skeletons
  17 adders
  3 shadow imps
  A white imp (D:13)
  An adder skeleton (D:6)
  2 worms
  2 dart slugs
  3 leopard geckos
  63 orcs
  3 bats
  8 giant cockroaches
  6 goblins
  6 hobgoblins
  14 jackals
  6 quokkas
  2 ball pythons
  4 frilled lizards
  A giant cockroach zombie (D:5)
  9 kobolds
  A quokka zombie (D:5)
  11 rats
  3 butterflies (Lair:4)
  44 fungi
  30 plants
792 creatures vanquished.

Vanquished Creatures (collateral kills)
  A phantom (D:11)
1 creature vanquished.

Vanquished Creatures (others)
  A wolf (IceCv)
  3 blocks of ice
  A plant (Lair:2)
5 creatures vanquished.

Grand Total: 798 creatures vanquished

Notes
Turn   | Place    | Note
-------+----------+-------------------------------------------
     0 | D:1      | Amnesiac the Ghoul Ice Elementalist began the quest for the
                  | Orb.
     0 | D:1      | Reached XP level 1. HP: 14/14 MP: 2/2
    28 | D:1      | You fall into a shaft and drop 1 floor!
   122 | D:1      | Reached XP level 2. HP: 19/22 MP: 0/3
   198 | D:2      | Reached skill level 1 in Fighting
   246 | D:2      | Found a white marble altar of Elyvilon.
   284 | D:2      | Reached XP level 3. HP: 18/28 MP: 1/5
   289 | D:2      | Learned a level 3 spell: Frozen Ramparts
   305 | D:2      | Reached skill level 5 in Ice Magic
   518 | D:3      | Reached XP level 4. HP: 33/36 MP: 0/6
   783 | D:4      | Reached XP level 5. HP: 22/42 MP: 1/7
   825 | D:4      | Found a staircase to the Ecumenical Temple.
   844 | Temple   | Entered the Ecumenical Temple
   941 | Temple   | Became a worshipper of Vehumet
  1023 | D:4      | Reached skill level 6 in Ice Magic
  1134 | D:1      | Found a glowing golden altar of the Shining One.
  1787 | D:3      | Reached XP level 6. HP: 36/50 MP: 5/9
  1846 | D:3      | Found a burning altar of Makhleb.
  1846 | D:3      | Found a hide-covered altar of Uskayaw.
  1914 | D:3      | Reached * piety under Vehumet
  1914 | D:3      | Offered knowledge of Magic Dart by Vehumet.
  2455 | D:3      | Learned a level 4 spell: Summon Ice Beast
  2717 | D:3      | Found a runed translucent gate.
  2718 | D:3      | Found a runed translucent gate.
  2718 | D:3      | Identified the cursed +0 short sword of Deudo {pain,
                  | *Corrode rC+ Dex+3}
  2718 | D:3      | Noticed balackLT's ghost (amateur MfAK)
  2719 | D:3      | Found a roughly hewn altar of Beogh.
  2719 | D:3      | Found a runed translucent gate.
  2869 | D:3      | Killed balackLT's ghost
  2869 | D:3      | Reached skill level 7 in Ice Magic
  2869 | D:3      | Reached XP level 7. HP: 47/57 MP: 1/11
  3271 | D:4      | Reached ** piety under Vehumet
  3271 | D:4      | Offered knowledge of Shock by Vehumet.
  3654 | D:5      | Entered Level 5 of the Dungeon
  3967 | D:5      | Found a hazy altar of Hepliaklqana.
  3990 | D:5      | Reached skill level 8 in Ice Magic
  3990 | D:5      | Reached XP level 8. HP: 51/67 MP: 8/12
  4248 | D:5      | Noticed a yak
  4248 | D:5      | Noticed a yak
  4248 | D:5      | Noticed a yak
  4249 | D:5      | Noticed a yak
  4258 | D:5      | Noticed a yak
  4259 | D:5      | Killed a yak
  4260 | D:5      | Noticed a yak
  4267 | D:5      | Killed a yak
  4267 | D:5      | Reached skill level 5 in Fighting
  4268 | D:5      | Killed a yak
  4268 | D:5      | Reached skill level 9 in Ice Magic
  4271 | D:5      | Killed a yak
  4276 | D:5      | Killed a yak
  4279 | D:5      | Killed a yak
  4279 | D:5      | Reached XP level 9. HP: 26/75 MP: 0/15
  4363 | D:6      | Reached skill level 5 in Spellcasting
  4381 | D:6      | Reached skill level 10 in Ice Magic
  5009 | D:6      | Offered knowledge of Dazzling Flash by Vehumet.
  5369 | D:7      | Reached skill level 11 in Ice Magic
  5412 | D:7      | Reached *** piety under Vehumet
  5476 | D:7      | Found Hiaff's Antique Armour Emporium.
  5484 | D:7      | Bought a glowing cloak for 180 gold pieces
  5484 | D:7      | Bought an embroidered robe for 88 gold pieces
  5756 | D:7      | Reached XP level 10. HP: 83/85 MP: 11/18
  6043 | D:8      | Noticed a two-headed ogre
  6056 | D:8      | Killed a two-headed ogre
  6056 | D:8      | Offered knowledge of Ignite Poison by Vehumet.
  6056 | D:8      | Reached skill level 12 in Ice Magic
  6445 | D:9      | Noticed a two-headed ogre
  6465 | D:9      | Killed a two-headed ogre
  6521 | D:9      | Reached **** piety under Vehumet
  6534 | D:9      | Reached skill level 13 in Ice Magic
  6534 | D:9      | Reached XP level 11. HP: 77/95 MP: 18/20
  6716 | D:9      | Offered knowledge of Yara's Violent Unravelling by Vehumet.
  6752 | D:9      | Found a glowing silver altar of Zin.
  6767 | D:9      | Found a staircase to the Orcish Mines.
  6804 | D:9      | Reached skill level 1 in Evocations
  6850 | D:9      | Found a staircase to the Lair.
  7137 | D:10     | Entered Level 10 of the Dungeon
  7262 | D:10     | Noticed an unseen horror
  7266 | D:10     | Killed an unseen horror
  7623 | D:10     | Noticed Grum
  7631 | D:10     | Reached ***** piety under Vehumet
  7631 | D:10     | Offered knowledge of Conjure Ball Lightning by Vehumet.
  7647 | D:10     | Killed Grum
  7811 | D:10     | Reached skill level 14 in Ice Magic
  8049 | Orc:1    | Entered Level 1 of the Orcish Mines
  8058 | Orc:1    | Noticed an ettin
  8060 | Orc:1    | Noticed an orc knight
  8077 | Orc:1    | Killed an ettin
  8194 | D:9      | Killed an orc knight
  8230 | Orc:1    | Noticed an orc sorcerer
  8241 | Orc:1    | Killed an orc sorcerer
  8340 | Orc:1    | Found a bloodstained altar of Trog.
  8382 | Orc:1    | You fall into a shaft and drop 1 floor!
  8382 | Orc:2    | Entered Level 2 of the Orcish Mines
  8382 | Orc:2    | Found a staircase to the Elven Halls.
  8383 | Orc:2    | Noticed an orc sorcerer
  8384 | Orc:2    | Noticed a two-headed ogre
  8388 | Orc:2    | Killed an orc sorcerer
  8388 | Orc:2    | Reached XP level 12. HP: 95/104 MP: 20/23
  8394 | Orc:2    | Killed a two-headed ogre
  8434 | Orc:1    | Found a roughly hewn altar of Beogh.
  8818 | Orc:2    | Noticed an orc warlord
  8866 | Orc:1    | Killed an orc warlord
  8866 | Orc:1    | Reached skill level 15 in Ice Magic
  8931 | Orc:2    | Offered knowledge of Olgreb's Toxic Radiance by Vehumet.
  8951 | Orc:2    | Noticed an orc high priest
  8957 | Orc:2    | Killed an orc high priest
  8957 | Orc:2    | Reached skill level 5 in Evocations
  8970 | Orc:2    | Learned a level 3 spell: Ozocubu's Armour
  8975 | Orc:2    | Learned a level 4 spell: Hailstorm
  9089 | Orc:2    | Found Winyikh's Book Boutique.
  9089 | Orc:2    | Found Yfuy's Book Shop.
  9089 | Orc:2    | Found Ecaura's Antique Weapon Shop.
  9092 | Orc:2    | Found Ineor's Jewellery Boutique.
  9498 | Orc:2    | HP: 3/103 [orc warrior/+0 trident (22)]
  9932 | D:11     | Reached skill level 16 in Ice Magic
 10146 | D:11     | Found a portal to a secret trove of treasure.
 10178 | D:11     | Offered knowledge of Fireball by Vehumet.
 10327 | D:11     | Reached XP level 13. HP: 104/111 MP: 8/25
 10772 | D:11     | Found a runed translucent gate.
 10772 | D:11     | Found a runed translucent gate.
 10773 | D:11     | Found a runed translucent gate.
 10841 | D:11     | Found a runed translucent gate.
 10841 | D:11     | Found a runed translucent gate.
 10842 | D:11     | Found a runed translucent gate.
 10842 | D:11     | Noticed Qatopt's ghost (journeyman GrFi)
 10857 | D:11     | Reached skill level 17 in Ice Magic
 10877 | D:11     | Killed Qatopt's ghost
 10877 | D:11     | Reached skill level 10 in Spellcasting
 11093 | D:12     | Found Boyl's General Store.
 11103 | D:12     | Bought a scroll of acquirement for 728 gold pieces
 11104 | D:12     | Identified the ring of Activism {rPois rC+} (You acquired
                  | it on level 12 of the Dungeon)
 11262 | D:7      | Bought the +1 cloak of Starlight {rElec rC+ EV+4 Stlth--}
                  | for 1068 gold pieces
 11262 | D:7      | Found the +1 cloak of Starlight {rElec rC+ EV+4 Stlth--}
 11403 | D:11     | You paid a toll of the cloak of Starlight to enter a
                  | treasure trove
 11404 | Trove    | Entered a treasure trove
 11417 | Trove    | Identified Sif Muna's Catalogue of Boosting Companions
 11420 | Trove    | Identified the Almanac of Hurtful Enchantment
 11438 | Trove    | Identified the Incunabulum of Displaced Contamination
 11468 | Trove    | Identified Ononotz's Incunabulum of the Creative Frostbite
 11518 | D:12     | Learned a level 6 spell: Ozocubu's Refrigeration
 11525 | D:12     | Learned a level 6 spell: Freezing Cloud
 11930 | D:12     | Learned a level 2 spell: Blink
 12935 | Lair:1   | Entered Level 1 of the Lair of Beasts
 13081 | Lair:1   | Reached skill level 18 in Ice Magic
 13127 | Lair:1   | Got an encrusted hand axe
 13292 | Lair:1   | Reached XP level 14. HP: 43/118 MP: 0/27
 13697 | Lair:1   | Found a frozen archway.
 13717 | IceCv    | Entered an ice cave
 14294 | IceCv    | Noticed a frost giant
 14313 | IceCv    | Killed a frost giant
 14313 | IceCv    | Reached skill level 19 in Ice Magic
 14649 | D:8      | Learned a level 9 spell: Absolute Zero
 14827 | Lair:2   | Found a hole to the Spider Nest.
 15942 | Lair:3   | Identified the +7 hand axe of Demonkind {vorpal, +Fly rF+}
                  | (You found it on level 1 of the Lair of Beasts)
 16064 | Lair:3   | Offered knowledge of Orb of Destruction by Vehumet.
 17411 | Lair:4   | Reached skill level 20 in Ice Magic
 17411 | Lair:4   | Reached XP level 15. HP: 124/124 MP: 1/29
 17545 | Lair:4   | Found a staircase to the Swamp.
 17791 | Lair:5   | Found a shadowy altar of Dithmenos.
 18287 | Lair:6   | Entered Level 6 of the Lair of Beasts
 18451 | Lair:6   | Found a staircase to the Slime Pits.
 18452 | Lair:6   | Found a viscous altar of Jiyva.
 18633 | Lair:6   | Got a slimy battleaxe
 18855 | Lair:6   | Found a large runed translucent door.
 18861 | Lair:6   | Found a large runed translucent door.
 18862 | Lair:6   | Reached skill level 1 in Staves
 18981 | Lair:6   | Offered knowledge of Iron Shot by Vehumet.
 19873 | Elf:1    | Entered Level 1 of the Elven Halls
 19977 | Elf:1    | Reached skill level 21 in Ice Magic
 20271 | Elf:1    | Reached XP level 16. HP: 83/132 MP: 4/31
 20322 | Elf:1    | Identified the Guide on Creation
 20443 | Elf:1    | Identified the +6 battleaxe of Exquisite Torment {chaos,
                  | *Drain rElec rC++ Str+3} (You found it on level 6 of the
                  | Lair of Beasts)
 20597 | Elf:1    | You fall into a shaft and drop 1 floor!
 20598 | Elf:2    | Reached skill level 1 in Shields
 21098 | Elf:2    | Slain by a +3 vorpal dire flail

Levels and vault maps discovered:
D:1:      psy_arrival_conway, layout_rooms, minivault_5, tso_metal_star
D:2:      layout_loops_ring, lemuel_round_altar
D:3:      layout_rooms, nicolae_overflow_hidden_temple,
          biasface_ghost_orc_armoury, minivault_14
D:4:      layout_cave_pods, minmay_temple_entry_offerings, kennysheep_potato
D:5:      layout_basic, overflow_temple_1_default, first_ration,
          kennysheep_generic_room_3
D:6:      layout_basic
D:7:      layout_basic, serial_shops, nicolae_shop_trees, grunt_livestock,
          minmay_checkerbox
D:8:      layout_basic, minmay_small_thing
D:9:      cheibrodos_iron_armory, layout_basic, zin_treasury,
          grunt_lair_entry_orc_guard_hut, serial_park_tiny_2,
          statue_in_the_mist_lemuel
D:10:     layout_roguey, uniq_grum
D:11:     layout_gridville, ploomutoo_gammafunk_ghost_potion_laboratory,
          enter_trove_1
D:12:     layout_cave_pods, serial_shops,
          nicolae_shop_temple_entry_statues_fountains
D:13:     layout_loops_ring, hangedman_vaults_entry_quadrant_bands, ice2_lemuel
Temple:   minmay_temple_bridge_d
Lair:1:   layout_gridlike, portal_ice_cave_entry_ice_beasts, beast_lair_carwin_5
Lair:2:   layout_chaotic_city, spider_nest_entry_a
Lair:3:   layout_hall_layers, minivault_29, minmay_lair_oklob_chamber
Lair:4:   layout_small_grid, palyth_hydra_swamp_entry, st_stairs_8,
          minivault_19, lemuel_fruit_fields, lemuel_fruit_tree
Lair:5:   layout_misc_corridors, basic_altar
Lair:6:   cheibrodos_lair_end_hotspot, layout_cave_pods, slime_altar_1
Orc:1:    layout_caves, basic_altar, trog_butcher_becter
Orc:2:    st_orc_mages, layout_diamond_mine
Elf:1:    elf_arrival_001, layout_gridlike, minmay_elf_demonology,
          grunt_megastairs_2
Elf:2:    layout_onion_city, serial_shops, bzr_entry_lakeside

Skill      XL: |  1  2  3  4  5  6  7  8  9 10 11 12 13 14 15 16 |
---------------+-------------------------------------------------+-----
Fighting       | 1 2 3 4 5 7 8 9 |  9.0
Spellcasting   | 2 3 4 6 7 8 9 10 11 12 | 12.7
Ice Magic      | 5 6 7 8 9 11 13 14 16 18 20 21 | 21.4
Evocations     | 4 5 6 |  6.0
Stealth        | 3 |  3.0
Staves         | 3 4 |  4.0
Shields        | 2 |  2.1
Dodging        | |  1.7

Action                   |  1- 3 |  4- 6 |  7- 9 | 10-12 | 13-15 | 16-18 || total
-------------------------+-------+-------+-------+-------+-------+-------++-------
Melee: Unarmed           |    20 |       |       |       |       |       ||    20
       Dagger            |     9 |   113 |   103 |       |       |       ||   225
       Falchion          |       |       |    43 |       |       |       ||    43
       Scimitar          |       |       |    29 |   116 |   100 |       ||   245
       Staff             |       |       |       |       |    20 |     2 ||    22
Throw: Dart              |       |       |       |     8 |       |       ||     8
 Cast: Freeze            |    27 |    22 |    76 |   284 |   295 |    12 ||   716
       Frozen Ramparts   |     1 |     7 |    26 |    72 |    30 |       ||   136
       Summon Ice Beast  |       |       |       |     4 |       |       ||     4
       Ozocubu's Refrige |       |       |       |       |   162 |    17 ||   179
       Absolute Zero     |       |       |       |       |     2 |     2 ||     4
Evoke: Wand              |       |       |       |     7 |     9 |       ||    16
  Use: Potion            |       |     5 |       |       |     1 |     1 ||     7
       Scroll            |       |     4 |     4 |     8 |    22 |     6 ||    44
 Stab: Sleeping          |       |     2 |     1 |     3 |     1 |       ||     7
       Distracted        |       |       |       |     1 |       |       ||     1
  Eat: Chunk             |     7 |    10 |    23 |    82 |   163 |     7 ||   292
       Ration            |       |       |       |       |       |     1 ||     1
Armor: Robe              |    10 |     8 |     8 |   164 |   243 |    12 ||   445
       Ring mail         |       |    12 |    99 |       |       |       ||   111
Dodge: Dodged            |    42 |    81 |   124 |   229 |   289 |    10 ||   775
Block: Other             |       |       |       |       |    41 |     2 ||    43
       Reflection        |       |       |       |       |     4 |       ||     4
       Rpst.: Scimitar   |       |       |    12 |    70 |    60 |       ||   142
       Falchion          |       |       |     7 |       |       |       ||     7

Table legend:
 A = Non-vault XP
 B = Vault XP
 C = Vault XP percentage of total XP
 D = Non-vault monster count
 E = Vault monster count
 F = Vault count percentage of total count
                 A         B        C        D         E       F
            +---------+---------+-------+---------+---------+-------
      Total |   73108 |   66658 |  47.7 |     453 |     263 |  36.7
            +---------+---------+-------+---------+---------+-------
        D:1 |      28 |       0 |   0.0 |      18 |       0 |   0.0
        D:2 |      59 |       0 |   0.0 |      22 |       0 |   0.0
        D:3 |     181 |     208 |  53.5 |      29 |       9 |  23.7
        D:4 |     400 |       0 |   0.0 |      25 |       0 |   0.0
        D:5 |    1521 |      20 |   1.3 |      15 |       1 |   6.2
        D:6 |    1094 |       0 |   0.0 |      25 |       0 |   0.0
        D:7 |     620 |    1239 |  66.6 |      16 |       8 |  33.3
        D:8 |    2177 |     188 |   7.9 |      20 |       1 |   4.8
        D:9 |    3310 |    1011 |  23.4 |      29 |       6 |  17.1
       D:10 |    2655 |    1289 |  32.7 |      22 |       7 |  24.1
       D:11 |    5147 |    6767 |  56.8 |      28 |      14 |  33.3
       D:12 |    5950 |       0 |   0.0 |      29 |       0 |   0.0
       D:13 |    1332 |     445 |  25.0 |       4 |       3 |  42.9
     Lair:1 |    4268 |    2991 |  41.2 |      23 |      14 |  37.8
     Lair:2 |    3876 |    1396 |  26.5 |      19 |       5 |  20.8
     Lair:3 |    4402 |    6312 |  58.9 |      14 |      44 |  75.9
     Lair:4 |     389 |    3018 |  88.6 |       1 |       8 |  88.9
     Lair:5 |    9245 |       0 |   0.0 |      27 |       0 |   0.0
     Lair:6 |    7256 |    8707 |  54.5 |      23 |      27 |  54.0
      Orc:1 |    4274 |     248 |   5.5 |      17 |       4 |  19.0
      Orc:2 |    3769 |    4859 |  56.3 |      29 |      41 |  58.6
      Elf:1 |   11155 |   10846 |  49.3 |      18 |      20 |  52.6
      Elf:2 |       0 |    5011 | 100.0 |       0 |       7 | 100.0
      IceCv |       0 |   12103 | 100.0 |       0 |      44 | 100.0
            +---------+---------+-------+---------+---------+-------
